TOP OF THE 1ST |
Springfield Simpsons batting - Pitching for Rio Grande Rattlesnake : RHP Alfonso Luna
|
Pitching: RHP Alfonso Luna
|
|
Batting: RHB Nick Harris
|
0-0: Ball 1-0: Ball 2-0: Called Strike 2-1: Foul Ball, location: 2F 2-2: Ball 3-2: Foul Ball, location: 2F 3-2: Fly out, F9 (Flyball, 89M)
|
Batting: RHB Ken McDonald
|
0-0: Called Strike 0-1: Ball 1-1: Foul Ball, location: 2F 1-2: Ball 2-2: Fly out, F7 (Flyball, 7M)
|
Batting: LHB Tony O'Bryan
|
0-0: Ball 1-0: Ball 2-0: Called Strike 2-1: Swinging Strike 2-2: Strikes out swinging
|
Top of the 1st over - 0 run(s), 0 hit(s), 0 error(s), 0 left on base; Springfield 0 - Rio Grande 0 |
BOTTOM OF THE 1ST |
Rio Grande Rattlesnake batting - Pitching for Springfield Simpsons : RHP Mark Anderson
|
Pitching: RHP Mark Anderson
|
|
Batting: SHB William Daly
|
0-0: Ball 1-0: Called Strike 1-1: Foul Ball, location: 2F 1-2: Ball 2-2: Ball 3-2: Base on Balls
|
Batting: RHB Doug Delaney
|
0-0: Ball 1-0: Swinging Strike 1-1: Foul Ball, location: 2F 1-2: Strikes out looking
|
Batting: RHB Liangde Que
|
0-0: Ball Throwing error on steal attempt, E2 William Daly to third 1-0: Ball 2-0: Ball 3-0: Base on Balls
|
Batting: RHB Max Jones
|
0-0: Swinging Strike 0-1: SINGLE (Groundball, 15) (infield hit) Liangde Que to second
|
Batting: RHB Hollis Wood
|
0-0: SINGLE (Line Drive, 6M) William Daly scores Liangde Que to third Max Jones to second
|
Batting: SHB Brian Moyer
|
0-0: Foul Ball, location: 2F 0-1: Foul Ball, location: 2F 0-2: Ball 1-2: Ball 2-2: SINGLE (Groundball, 34D) Liangde Que scores Max Jones to third Hollis Wood to second Runner from 3rd tries for Home, SAFE, no throw or cutoff
|
Batting: LHB Alfred Jackson
|
0-0: Ground out 3-1 (Groundball, 34) Hollis Wood to third Brian Moyer to second
|
Batting: RHB Maresuke Yoshida
|
0-0: Ball Wild Pitch! Hollis Wood scores Brian Moyer to third 1-0: Ball 2-0: Ball 3-0: Called Strike 3-1: Base on Balls
|
Batting: SHB Jeremy Holmes
|
0-0: Called Strike 0-1: Ball 1-1: Called Strike 1-2: Foul Ball, location: 2F 1-2: Ball 2-2: Foul Ball, location: 2F 2-2: Strikes out swinging
|
Bottom of the 1st over - 4 run(s), 3 hit(s), 1 error(s), 2 left on base; Springfield 0 - Rio Grande 4 |
TOP OF THE 2ND |
Springfield Simpsons batting - Pitching for Rio Grande Rattlesnake : RHP Alfonso Luna
|
Batting: SHB Kevin Vickers
|
0-0: Ball 1-0: Fly out, F7 (Flyball, 78S)
|
Batting: RHB Gavin Downey
|
0-0: Called Strike 0-1: Ball 1-1: Foul Ball, location: 2F 1-2: Ball 2-2: Ball 3-2: Ground out 4-3 (Groundball, 13)
|
Batting: RHB Manny Ramírez
|
0-0: TRIPLE (Flyball, 89XD)
|
Batting: RHB Esteban Salas
|
0-0: Called Strike 0-1: Ball 1-1: Ball 2-1: Foul Ball, location: 2F 2-2: Strikes out looking
|
Top of the 2nd over - 0 run(s), 1 hit(s), 0 error(s), 1 left on base; Springfield 0 - Rio Grande 4 |
BOTTOM OF THE 2ND |
Rio Grande Rattlesnake batting - Pitching for Springfield Simpsons : RHP Mark Anderson
|
Batting: SHB William Daly
|
0-0: Ball 1-0: Called Strike 1-1: Ball 2-1: Ball 3-1: Base on Balls
|
Batting: RHB Doug Delaney
|
0-0: Called Strike 0-1: Ball 1-1: Ball 2-1: Ball 3-1: Base on Balls William Daly to second
|
Batting: RHB Liangde Que
|
0-0: DOUBLE (Groundball, 5L) William Daly scores Doug Delaney to third
|
Batting: RHB Max Jones
|
0-0: Foul Ball, location: 2F 0-1: Ball 1-1: Called Strike 1-2: Strikes out swinging
|
Batting: RHB Hollis Wood
|
0-0: Foul Ball, location: 2F 0-1: Foul Ball, location: 2F 0-2: Ball 1-2: Ball 2-2: Ball 3-2: Fly out, F7 (Flyball, 7M) Runner from 3rd tags up, SCORES, no throw
|
Batting: SHB Brian Moyer
|
0-0: Fly out, F5 (Popup, 25F)
|
Bottom of the 2nd over - 2 run(s), 1 hit(s), 0 error(s), 1 left on base; Springfield 0 - Rio Grande 6 |
TOP OF THE 3RD |
Springfield Simpsons batting - Pitching for Rio Grande Rattlesnake : RHP Alfonso Luna
|
Batting: SHB José Cruz
|
0-0: Swinging Strike 0-1: Ball 1-1: Fly out, F8 (Flyball, 8LD)
|
Batting: RHB Kawanari Hara
|
0-0: Called Strike 0-1: Foul Ball, location: 2F 0-2: SINGLE (Line Drive, 8LS)
|
Batting: RHB Nick Harris
|
0-0: Foul Ball, location: 2F 0-1: Ball 1-1: Ball 2-1: Foul Ball, location: 2F 2-2: Foul Ball, location: 2F 2-2: DOUBLE (Flyball, 89D) Kawanari Hara to third
|
Batting: RHB Ken McDonald
|
0-0: Called Strike 0-1: Swinging Strike 0-2: Ball 1-2: Ball 2-2: Ball 3-2: Foul Ball, location: 2F 3-2: SINGLE (Line Drive, 4MD) Kawanari Hara scores Nick Harris to third Runner from 3rd tries for Home, SAFE, no throw or cutoff
|
Batting: LHB Tony O'Bryan
|
0-0: Ball 1-0: Called Strike 1-1: Foul Ball, location: 2F Single, Error in OF, E9, batter to second base Ken McDonald to third
|
Batting: SHB Kevin Vickers
|
0-0: Ball 1-0: Foul Ball, location: 2F 1-1: Called Strike 1-2: Ball 2-2: SINGLE (Line Drive, 89M) Ken McDonald scores Tony O'Bryan to third Runner from 3rd tries for Home, SAFE, throw made home Kevin Vickers to second
|
Batting: RHB Gavin Downey
|
0-0: Ball Kevin Vickers steals 3rd base 1-0: Called Strike 1-1: Foul Ball, location: 2F 1-2: Foul Ball, location: 2F 1-2: Foul Ball, location: 2F 1-2: Ball 2-2: Strikes out swinging
|
Batting: RHB Manny Ramírez
|
0-0: Foul Ball, location: 2F 0-1: Swinging Strike 0-2: Strikes out looking
|
Top of the 3rd over - 4 run(s), 5 hit(s), 1 error(s), 1 left on base; Springfield 4 - Rio Grande 6 |
BOTTOM OF THE 3RD |
Rio Grande Rattlesnake batting - Pitching for Springfield Simpsons : RHP Mark Anderson
|
Batting: LHB Alfred Jackson
|
0-0: Called Strike 0-1: Ground out 1-3 (Groundball, 13)
|
Batting: RHB Maresuke Yoshida
|
0-0: Foul Ball, location: 2F 0-1: Ball 1-1: SINGLE (Groundball, 56D)
|
Batting: SHB Jeremy Holmes
|
0-0: Ball 1-0: Ball 2-0: Called Strike 2-1: Foul Ball, location: 2F 2-2: Foul Ball, location: 2F 2-2: Fly out, F9 (Flyball, 89M)
|
Batting: SHB William Daly
|
0-0: Ball 1-0: Swinging Strike 1-1: Ball 2-1: Ball 3-1: Called Strike 3-2: Ground out 1-3 (Groundball, 23)
|
Bottom of the 3rd over - 0 run(s), 1 hit(s), 0 error(s), 1 left on base; Springfield 4 - Rio Grande 6 |
TOP OF THE 4TH |
Springfield Simpsons batting - Pitching for Rio Grande Rattlesnake : RHP Alfonso Luna
|
Batting: RHB Esteban Salas
|
0-0: Ball 1-0: Called Strike 1-1: Fly out, F7 (Line Drive, 78S)
|
Batting: SHB José Cruz
|
0-0: Called Strike 0-1: Called Strike 0-2: Ground out 4-3 (Groundball, 4)
|
Batting: RHB Kawanari Hara
|
0-0: Ball 1-0: Called Strike 1-1: SINGLE (Line Drive, 9LS)
|
Batting: RHB Nick Harris
|
0-0: Called Strike 0-1: Ball 1-1: Ball 2-1: Foul Ball, location: 2F 2-2: Strikes out looking
|
Top of the 4th over - 0 run(s), 1 hit(s), 0 error(s), 1 left on base; Springfield 4 - Rio Grande 6 |
BOTTOM OF THE 4TH |
Rio Grande Rattlesnake batting - Pitching for Springfield Simpsons : RHP Mark Anderson
|
Batting: RHB Doug Delaney
|
0-0: Called Strike 0-1: Ball 1-1: Called Strike 1-2: Ball 2-2: Foul Ball, location: 2F 2-2: Strikes out swinging
|
Batting: RHB Liangde Que
|
0-0: Called Strike 0-1: Ball 1-1: Ball 2-1: Foul Ball, location: 2F 2-2: Ball 3-2: Base on Balls
|
Batting: RHB Max Jones
|
0-0: Called Strike 0-1: Fly out, F6 (Line Drive, 56D)
|
Batting: RHB Hollis Wood
|
0-0: Ball 1-0: Foul Ball, location: 2F 1-1: Fielders Choice at 2nd, U6 (Groundball, 6M)
|
Bottom of the 4th over - 0 run(s), 0 hit(s), 0 error(s), 1 left on base; Springfield 4 - Rio Grande 6 |
TOP OF THE 5TH |
Springfield Simpsons batting - Pitching for Rio Grande Rattlesnake : RHP Alfonso Luna
|
Pitching: RHP Jim Durham
|
|
Batting: RHB Ken McDonald
|
0-0: Called Strike 0-1: Ball 1-1: Called Strike 1-2: Strikes out swinging
|
Batting: LHB Tony O'Bryan
|
0-0: Ball 1-0: Fly out, F9 (Flyball, 89M)
|
Batting: SHB Kevin Vickers
|
0-0: Swinging Strike 0-1: Ball 1-1: Swinging Strike 1-2: Strikes out swinging
|
Top of the 5th over - 0 run(s), 0 hit(s), 0 error(s), 0 left on base; Springfield 4 - Rio Grande 6 |
BOTTOM OF THE 5TH |
Rio Grande Rattlesnake batting - Pitching for Springfield Simpsons : RHP Mark Anderson
|
Pitching: LHP Rubén Rico
|
|
Batting: SHB Brian Moyer
|
0-0: Called Strike 0-1: Swinging Strike 0-2: Foul Ball, location: 2F 0-2: Ball 1-2: Strikes out swinging
|
Batting: LHB Alfred Jackson
|
0-0: Ground out 4-3 (Groundball, 4)
|
Batting: RHB Maresuke Yoshida
|
0-0: Called Strike 0-1: Ground out 4-3 (Groundball, 4)
|
Bottom of the 5th over - 0 run(s), 0 hit(s), 0 error(s), 0 left on base; Springfield 4 - Rio Grande 6 |
TOP OF THE 6TH |
Springfield Simpsons batting - Pitching for Rio Grande Rattlesnake : RHP Jim Durham
|
Batting: RHB Gavin Downey
|
0-0: Called Strike 0-1: Foul Ball, location: 2F 0-2: DOUBLE (Flyball, 89S)
|
Batting: RHB Manny Ramírez
|
0-0: Ball 1-0: Called Strike 1-1: Ground out 6-3 (Groundball, 6)
|
Batting: RHB Esteban Salas
|
0-0: Swinging Strike 0-1: Ball 1-1: Ball 2-1: Foul Ball, location: 2F 2-2: Foul Ball, location: 2F 2-2: Ground out 1-3 (Groundball, 23) Gavin Downey to third
|
Batting: SHB José Cruz
|
0-0: Ball 1-0: Ball 2-0: SINGLE (Line Drive, 4MD) Gavin Downey scores
|
Batting: RHB Kawanari Hara
|
0-0: Swinging Strike 0-1: Foul Ball, location: 2F 0-2: Ball 1-2: Ball 2-2: Foul Ball, location: 2F 2-2: Ground out 4-3 (Groundball, 13)
|
Top of the 6th over - 1 run(s), 2 hit(s), 0 error(s), 1 left on base; Springfield 5 - Rio Grande 6 |
BOTTOM OF THE 6TH |
Rio Grande Rattlesnake batting - Pitching for Springfield Simpsons : LHP Rubén Rico
|
Batting: SHB Jeremy Holmes
|
0-0: Ball 1-0: Ball 2-0: Called Strike 2-1: Ball 3-1: Ground out 6-3 (Groundball, 6)
|
Batting: SHB William Daly
|
0-0: Swinging Strike 0-1: Called Strike 0-2: Ball 1-2: Ball 2-2: Fly out, F8 (Flyball, 8RXD)
|
Batting: RHB Doug Delaney
|
0-0: Foul Ball, location: 2F 0-1: Foul Ball, location: 2F 0-2: Hit by Pitch
|
Batting: RHB Liangde Que
|
0-0: Called Strike 0-1: Ball 1-1: DOUBLE (Popup, 3D) Doug Delaney to third Runner from 3rd tries for Home, SAFE, no throw or cutoff
|
Batting: RHB Max Jones
|
0-0: Called Strike 0-1: Ball 1-1: Foul Ball, location: 2F 1-2: Foul Ball, location: 2F 1-2: Ball 2-2: Foul Ball, location: 2F 2-2: Ground out 5-3 (Groundball, 5S)
|
Bottom of the 6th over - 1 run(s), 1 hit(s), 0 error(s), 1 left on base; Springfield 5 - Rio Grande 7 |
TOP OF THE 7TH |
Springfield Simpsons batting - Pitching for Rio Grande Rattlesnake : RHP Jim Durham
|
Pitching: RHP Adrián Mora
|
|
Batting: RHB Nick Harris
|
0-0: Foul Ball, location: 2F 0-1: Swinging Strike 0-2: Ball 1-2: Fly out, F9 (Flyball, 9S)
|
Batting: RHB Ken McDonald
|
0-0: Ball 1-0: SINGLE (Line Drive, 56)
|
Batting: LHB Tony O'Bryan
|
0-0: Swinging Strike 0-1: Foul Ball, location: 2F 0-2: Strikes out swinging
|
Batting: SHB Kevin Vickers
|
0-0: Swinging Strike 0-1: Called Strike 0-2: Foul Ball, location: 2F 0-2: Strikes out swinging
|
Top of the 7th over - 0 run(s), 1 hit(s), 0 error(s), 1 left on base; Springfield 5 - Rio Grande 7 |
BOTTOM OF THE 7TH |
Rio Grande Rattlesnake batting - Pitching for Springfield Simpsons : LHP Rubén Rico
|
Pitching: LHP Alberto Martínez
|
|
Batting: RHB Hollis Wood
|
0-0: Ball 1-0: Ball 2-0: Ball 3-0: Base on Balls
|
Batting: SHB Brian Moyer
|
0-0: Sac Bunt - play at first, batter OUT! 1-3 Hollis Wood to second
|
Batting: LHB Alfred Jackson
|
0-0: Called Strike 0-1: Ball 1-1: Foul Ball, location: 2F 1-2: Foul Ball, location: 2F 1-2: Ground out 4-3 (Groundball, 4S) Hollis Wood to third
|
Batting: RHB Maresuke Yoshida
|
0-0: Called Strike 0-1: Called Strike 0-2: Ball 1-2: Ball 2-2: Foul Ball, location: 2F 2-2: Ball 3-2: Foul Ball, location: 2F 3-2: DOUBLE (Line Drive, 9LM) Hollis Wood scores
|
Batting: SHB Jeremy Holmes
|
0-0: Foul Ball, location: 2F 0-1: SINGLE (Groundball, 56D) Maresuke Yoshida to third Runner from 3rd tries for Home, SAFE, no throw or cutoff
|
Batting: SHB William Daly
|
0-0: Ball 1-0: Ball 2-0: Foul Ball, location: 2F 2-1: Ball 3-1: Foul Ball, location: 2F 3-2: Fly out, F3 (Popup, 3F)
|
Bottom of the 7th over - 2 run(s), 2 hit(s), 0 error(s), 1 left on base; Springfield 5 - Rio Grande 9 |
TOP OF THE 8TH |
Springfield Simpsons batting - Pitching for Rio Grande Rattlesnake : RHP Adrián Mora
|
Batting: RHB Gavin Downey
|
0-0: Ball 1-0: Swinging Strike 1-1: Ball 2-1: Swinging Strike 2-2: Foul Ball, location: 2F 2-2: Ball 3-2: Foul Ball, location: 2F 3-2: Base on Balls
|
Batting: RHB Manny Ramírez
|
0-0: Foul Ball, location: 2F 0-1: Grounds into double play, 6-4-3 (Groundball, 6)
|
Batting: RHB Esteban Salas
|
0-0: Called Strike 0-1: Ball 1-1: Swinging Strike 1-2: Ball 2-2: SINGLE (Groundball, 4M)
|
Batting: SHB José Cruz
|
0-0: SINGLE (Groundball, 34D) Esteban Salas to second Throwing error, E9 Esteban Salas scores José Cruz to second
|
Pitching: RHP Frank Martin
|
|
Batting: RHB Kawanari Hara
|
0-0: Ball 1-0: Fly out, F5 (Line Drive, 5)
|
Top of the 8th over - 1 run(s), 2 hit(s), 1 error(s), 1 left on base; Springfield 6 - Rio Grande 9 |
BOTTOM OF THE 8TH |
Rio Grande Rattlesnake batting - Pitching for Springfield Simpsons : LHP Alberto Martínez
|
Batting: RHB Doug Delaney
|
0-0: Called Strike 0-1: Foul Ball, location: 2F 0-2: Ball 1-2: Ground out 5-3 (Groundball, 15S)
|
Batting: RHB Liangde Que
|
0-0: Called Strike 0-1: Called Strike 0-2: Ball 1-2: DOUBLE (Line Drive, 8LXD)
|
Pinch Runner at 2nd Billy Mullins:
|
|
Batting: RHB Max Jones
|
0-0: Swinging Strike 0-1: Fly out, F9 (Flyball, 9D) Runner from 2nd tags up, SAFE at 3rd, no throw
|
Batting: RHB Hollis Wood
|
0-0: Ball 1-0: Ball 2-0: Ball 3-0: Base on Balls
|
Batting: SHB Brian Moyer
|
0-0: Ball 1-0: Fielders Choice at 2nd, U4 (Groundball, 4M)
|
Bottom of the 8th over - 0 run(s), 1 hit(s), 0 error(s), 2 left on base; Springfield 6 - Rio Grande 9 |
TOP OF THE 9TH |
Springfield Simpsons batting - Pitching for Rio Grande Rattlesnake : RHP Frank Martin
|
Pitching: RHP Brendan Green
|
|
Now at 1B: Billy Mullins
|
|
Batting: RHB Nick Harris
|
0-0: Ball 1-0: Fly out, F7 (Line Drive, 7D)
|
Batting: RHB Ken McDonald
|
0-0: Ground out 5-3 (Groundball, 56)
|
Batting: LHB Tony O'Bryan
|
0-0: SINGLE (Groundball, 34)
|
Batting: SHB Kevin Vickers
|
0-0: Reached on error, E3 (Groundball, 3) Tony O'Bryan to second
|
Batting: RHB Gavin Downey
|
0-0: Called Strike 0-1: Foul Ball, location: 2F 0-2: Strikes out looking
|
Top of the 9th over - 0 run(s), 1 hit(s), 1 error(s), 2 left on base; Springfield 6 - Rio Grande 9 |
|